[Event "Chessable Masters - Torneo preliminare"]
[White "Agrest, Evgenij"]
[Black "Sargissian, Gabriel"]
[WhiteFideId "1705024"]
[BlackFideId "13300881"]
[WhiteElo "2576"]
[BlackElo "2628"]
[Result "0-1"]
[Round "2"]
[TimeControl "600+2"]
[Date "2023.03.13"]
[WhiteClock "0:00:13"]
[BlackClock "0:01:42"]

1. Nf3 d5 2. b3 c5 3. e3 Nc6 4. Bb2 e6 5. Bb5 Ne7 6. O-O a6 7. Be2 Nf5 8. d4 cxd4 9. exd4 Bd6 10. c4 O-O 11. g3 dxc4 12. bxc4 b5 13. d5 Na5 14. cxb5 axb5 15. Bxb5 exd5 16. Nbd2 Be6 17. Nd4 Nxd4 18. Bxd4 Nc4 19. Nxc4 dxc4 20. a4 Qc7 21. Rc1 Rfd8 22. Qf3 Rac8 23. Qe3 Bc5 24. Bxc5 Qxc5 25. Qxc5 Rxc5 26. Rc3 Kf8 27. Rfc1 Rdc8 28. f3 Ke7 29. Kf2 g5 30. Rd1 h5 31. Rd4 Re5 32. f4 gxf4 33. gxf4 Rec5 34. Ke3 h4 35. Kd2 h3 36. Re3 c3+ 37. Kc1 c2 38. Rd2 Kf6 39. Ree2 Bf5 40. Rd6+ Kg7 41. Re3 Rc3 42. Rxc3 Rxc3 43. Bd7 Be4 44. Rd4 f5 45. a5 Ra3 46. Ra4 Rd3 47. Rxe4 fxe4 48. Bf5 Rd4 49. a6 e3 50. Bg4 Rxf4 51. a7 Ra4 52. Kxc2 Rxa7 53. Bxh3 Kf6 54. Kd3 Ke5 0-1


[Site "Internet"]

[Event "Chessable Masters - Torneo preliminare"]
[White "Malakhov, Vladimir"]
[Black "Sharapov, Evgeny"]
[WhiteFideId "4120787"]
[BlackFideId "14103133"]
[WhiteElo "2666"]
[BlackElo "2337"]
[Result "1-0"]
[Round "2"]
[TimeControl "600+2"]
[Date "2023.03.13"]
[WhiteClock "0:02:35"]
[BlackClock "0:06:31"]

1. e4 c5 2. Nf3 d6 3. Bb5+ Nd7 4. d4 cxd4 5. Nxd4 Nf6 6. O-O a6 7. Bd3 e6 8. c4 Be7 9. Nc3 O-O 10. Be3 Qc7 11. Rc1 b6 12. f3 Bb7 13. Qd2 Rac8 14. Rfd1 Qb8 15. Bf1 Bd8 16. Kh1 Bc7 17. h3 Rfe8 18. Qf2 Ne5 19. b4 h5 20. Nb3 Ba8 21. c5 b5 22. cxd6 Bxd6 23. Ba7 Qc7 24. Nxb5 axb5 25. Rxc7 Bxc7 26. Bxb5 Red8 27. Rc1 Bd6 28. Rxc8 Rxc8 29. Qd4 Bc7 30. Bb6 Bb8 31. a4 h4 32. a5 Nc6 33. Bxc6 Bxc6 34. Qc4 Bb7 35. Nc5 Nh5 36. a6 Ng3+ 37. Kg1 Ba8 38. Qd3 Bf4 39. Kf2 Nh1+ 40. Ke1 Bg3+ 41. Kd2 Bf4+ 42. Kc3 Be5+ 43. Kb3 Ng3 44. Qd7 Rb8 45. Bc7 Bxc7 46. Qxc7 Re8 47. b5 Ne2 48. Kc4 1-0


[Site "Internet"]

[Event "Chessable Masters - Torneo preliminare"]
[White "Hambleton, Aman"]
[Black "Bachmann, Axel"]
[WhiteFideId "2606577"]
[BlackFideId "3700488"]
[WhiteElo "2447"]
[BlackElo "2618"]
[Result "0-1"]
[Round "2"]
[TimeControl "600+2"]
[Date "2023.03.13"]
[WhiteClock "0:00:05"]
[BlackClock "0:02:25"]

1. d4 Nf6 2. c4 e6 3. Nc3 Bb4 4. Qc2 d6 5. a3 Bxc3+ 6. Qxc3 Nc6 7. Nf3 Qe7 8. b4 Ne4 9. Qc2 f5 10. e3 O-O 11. Bd3 e5 12. b5 Na5 13. dxe5 dxe5 14. Bb2 Nxf2 15. Qxf2 e4 16. Be2 exf3 17. gxf3 Be6 18. Rg1 Rf7 19. Rc1 Rd8 20. f4 Nb3 21. Rc2 Nc5 22. Qg2 Nd3+ 23. Bxd3 Rxd3 24. Qe2 Bxc4 25. Be5 Bxb5 26. Rxc7 Qh4+ 27. Rg3 Rxc7 28. Bxc7 Rb3 29. Qc2 Rxe3+ 30. Kd1 Qh5+ 31. Kc1 Re1+ 32. Kb2 Re2 33. Be5 Rxc2+ 34. Kxc2 Qxh2+ 0-1


[Site "Internet"]

[Event "Chessable Masters - Torneo preliminare"]
[White "Kaufman, Lawrence"]
[Black "Ju, Wenjun"]
[WhiteFideId "2000555"]
[BlackFideId "8603006"]
[WhiteElo "2237"]
[BlackElo "2598"]
[Result "0-1"]
[Round "2"]
[TimeControl "600+2"]
[Date "2023.03.13"]
[WhiteClock "0:00:03"]
[BlackClock "0:00:12"]

1. e4 e5 2. Nf3 Nc6 3. Bc4 Bc5 4. O-O Nf6 5. d3 d6 6. c3 a6 7. a4 O-O 8. Re1 Be6 9. Bxe6 fxe6 10. b4 Ba7 11. Be3 Bxe3 12. Rxe3 Qe8 13. Nbd2 Qg6 14. Nf1 Rf7 15. Ng3 Raf8 16. h3 Nd7 17. b5 Ne7 18. bxa6 bxa6 19. Rb1 d5 20. Rb7 Rc8 21. a5 h5 22. Rb2 Qh6 23. Qd2 Nc6 24. Re1 Qxd2 25. Rxd2 g6 26. Ng5 Rf6 27. Nxe6 dxe4 28. dxe4 Rxe6 29. Rxd7 Nxa5 30. Nf1 Nc4 31. Ne3 Nb6 32. Rd2 a5 33. Ra2 Ra8 34. Nd5 Nxd5 35. exd5 Rb6 36. Rxe5 a4 37. Re7 a3 38. Rxc7 Rb2 39. Ra1 a2 40. Kh2 Rb1 41. Rxa2 Rxa2 42. d6 Rd2 43. d7 Rbd1 0-1


[Site "Internet"]

[Event "Chessable Masters - Torneo preliminare"]
[White "Perez Ponsa, Federico"]
[Black "Iskusnyh, Sergei"]
[WhiteFideId "117927"]
[BlackFideId "4120027"]
[WhiteElo "2586"]
[BlackElo "2345"]
[Result "1-0"]
[Round "2"]
[TimeControl "600+2"]
[Date "2023.03.13"]
[WhiteClock "0:06:51"]
[BlackClock "0:01:02"]

1. e4 e6 2. d4 d5 3. e5 c5 4. c3 Nc6 5. Nf3 Nge7 6. Na3 Bd7 7. Nc2 Qa5 8. Bd2 Qb6 9. Rb1 Nf5 10. Bd3 cxd4 11. Bxf5 exf5 12. Ncxd4 Qa6 13. Qe2 Qxe2+ 14. Kxe2 Nxd4+ 15. Nxd4 Bc5 16. Nb3 Bb5+ 17. Kf3 Be7 18. Nd4 Bd3 19. Rbd1 g5 20. Ke3 Be4 21. f3 f4+ 22. Kf2 Bg6 23. h4 gxh4 24. Bxf4 O-O 25. Be3 Rae8 26. Bh6 Bd8 27. Rhe1 f6 28. Bxf8 Kxf8 29. exf6 Bxf6 30. Rxe8+ Kxe8 31. Ne6 Bf7 32. Nc7+ Kf8 33. Nxd5 Be5 34. Ne3 Ke7 35. b3 1-0


[Site "Internet"]

[Event "Chessable Masters - Torneo preliminare"]
[White "Sasikiran, Krishnan"]
[Black "Huschenbeth, Niclas"]
[WhiteFideId "5004985"]
[BlackFideId "24604747"]
[WhiteElo "2559"]
[BlackElo "2566"]
[Result "1-0"]
[Round "2"]
[TimeControl "600+2"]
[Date "2023.03.13"]
[WhiteClock "0:01:47"]
[BlackClock "0:00:35"]

1. e4 c5 2. Nf3 d6 3. d4 cxd4 4. Nxd4 Nf6 5. Nc3 a6 6. Be3 e5 7. Nb3 Be7 8. f3 Be6 9. Qd2 O-O 10. O-O-O Nbd7 11. g4 b5 12. g5 Nh5 13. Kb1 Rc8 14. Nd5 Bxd5 15. exd5 f5 16. Rg1 f4 17. Bf2 Bxg5 18. Bh3 Rc7 19. Qa5 e4 20. Rxg5 Qxg5 21. Qxc7 Ne5 22. Be6+ Kh8 23. Qxd6 Rd8 24. Qc7 e3 25. Be1 Nxf3 26. Ba5 e2 27. Rc1 Rf8 28. d6 Qe5 29. Qe7 Qf6 30. Bg4 1-0


[Site "Internet"]

[Event "Chessable Masters - Torneo preliminare"]
[White "Le, Tuan Minh"]
[Black "Artemiev, Vladislav"]
[WhiteFideId "12401153"]
[BlackFideId "24101605"]
[WhiteElo "2489"]
[BlackElo "2735"]
[Result "0-1"]
[Round "3"]
[TimeControl "600+2"]
[Date "2023.03.13"]
[WhiteClock "0:01:06"]
[BlackClock "0:03:16"]

1. d4 Nf6 2. Nf3 e6 3. Bf4 b6 4. e3 Bb7 5. c4 Bb4+ 6. Nfd2 O-O 7. a3 Be7 8. Nc3 d5 9. cxd5 Nxd5 10. Bg3 Nd7 11. Nf3 c5 12. Bd3 cxd4 13. Nxd5 Bxd5 14. exd4 f5 15. h3 f4 16. Bh2 e5 17. Nxe5 Nxe5 18. dxe5 Bxg2 19. Rg1 Qd5 20. Bc2 Qxe5+ 21. Qe2 Qxe2+ 22. Kxe2 f3+ 23. Kd2 Rad8+ 24. Kc3 Bh4 0-1


[Site "Internet"]

[Event "Chessable Masters - Torneo preliminare"]
[White "Martinez Alcantara, Jose Eduardo"]
[Black "Yakubboev, Nodirbek"]
[WhiteFideId "3805662"]
[BlackFideId "14203987"]
[WhiteElo "2643"]
[BlackElo "2577"]
[Result "1/2-1/2"]
[Round "3"]
[TimeControl "600+2"]
[Date "2023.03.13"]
[WhiteClock "0:00:18"]
[BlackClock "0:00:15"]

1. e4 e5 2. Nf3 Nc6 3. Nc3 Nf6 4. h3 d5 5. exd5 Nxd5 6. Bb5 Nxc3 7. bxc3 Bd6 8. d4 exd4 9. cxd4 O-O 10. O-O Bf5 11. Bg5 Qc8 12. Re1 Nb4 13. Ba4 b5 14. Bb3 a5 15. a4 bxa4 16. Rxa4 Bd7 17. Ra1 a4 18. Bc4 Bf5 19. Be7 Re8 20. Bxd6 cxd6 21. Rxe8+ Qxe8 22. c3 d5 23. Bf1 Nc2 24. Ra2 a3 25. Ne5 Qc8 26. Qf3 Ne1 27. Qf4 f6 28. Nc6 Qxc6 29. Qxf5 g6 30. Qb1 Qxc3 31. Qb7 Rd8 32. Qe7 Ra8 33. Qe6+ Kg7 34. Qxd5 Ra7 35. Re2 Nd3 36. Qd8 a2 37. Re7+ Rxe7 38. Qxe7+ Kh6 39. Qf8+ Kg5 40. h4+ Kf5 41. Qf7 a1=Q 42. Qd5+ Ne5 43. dxe5 Qxe5 44. Qd7+ Qe6 45. g4+ Ke5 46. f4+ Kxf4 47. Qxe6 Qd4+ 48. Kh1 Kg3 49. Qe1+ Kxg4 50. Be2+ Kf4 51. Qf1+ Ke5 52. Qe1 Qe3 53. Kg2 Qe4+ 54. Kg1 Qe3+ 55. Kg2 Qe4+ 56. Kh2 Qf4+ 57. Qg3 g5 58. hxg5 fxg5 59. Kh3 Qxg3+ 60. Kxg3 Kf6 61. Kg4 h5+ 62. Kxh5 g4 63. Kxg4 1/2-1/2


[Site "Internet"]

[Event "Chessable Masters - Torneo preliminare"]
[White "Firouzja, Alireza"]
[Black "Oparin, Grigoriy"]
[WhiteFideId "12573981"]
[BlackFideId "24125890"]
[WhiteElo "2745"]
[BlackElo "2650"]
[Result "1-0"]
[Round "3"]
[TimeControl "600+2"]
[Date "2023.03.13"]
[WhiteClock "0:03:48"]
[BlackClock "0:01:33"]

1. e4 e5 2. Nf3 Nc6 3. Bb5 a6 4. Ba4 Nf6 5. O-O Nxe4 6. d4 b5 7. Bb3 d5 8. dxe5 Be6 9. c3 Be7 10. Bc2 O-O 11. Nbd2 f5 12. exf6 Nxf6 13. Re1 Bg4 14. Nf1 Bc5 15. Bf4 Qd7 16. Ne3 Bxe3 17. Rxe3 Rae8 18. Rxe8 Nxe8 19. Bg3 Bxf3 20. gxf3 Nf6 21. Qd3 Re8 22. Kg2 Ne5 23. Qd4 Nc4 24. b3 Nd6 25. a4 Qc6 26. Bd3 bxa4 27. Rxa4 Nb5 28. Qb4 Qxc3 29. Qxc3 Nxc3 30. Rxa6 Rb8 31. Bxc7 Rxb3 32. Bf5 Kf7 33. Be5 Nb5 34. Rb6 Kf8 35. Rb8+ Kf7 36. Rb7+ Kf8 37. Bc2 Rb4 38. Bd3 1-0


[Site "Internet"]

[Event "Chessable Masters - Torneo preliminare"]
[White "Alekseenko, Kirill"]
[Black "Salem, A.R. Saleh"]
[WhiteFideId "4135539"]
[BlackFideId "9301348"]
[WhiteElo "2632"]
[BlackElo "2654"]
[Result "1-0"]
[Round "3"]
[TimeControl "600+2"]
[Date "2023.03.13"]
[WhiteClock "0:01:22"]
[BlackClock "0:00:11"]

1. e4 e5 2. Nf3 Nc6 3. Bb5 a6 4. Ba4 Nf6 5. Bxc6 dxc6 6. d3 Bd6 7. b3 O-O 8. Bb2 Nd7 9. Nbd2 Re8 10. O-O a5 11. a4 c5 12. Nc4 b6 13. Kh1 Ba6 14. Ne3 Nb8 15. Nf5 Nc6 16. Nd2 Bc8 17. Qg4 g6 18. Qg3 Nd4 19. Bxd4 exd4 20. Nxd6 cxd6 21. Nc4 Re6 22. f4 Ba6 23. f5 Rf6 24. e5 dxe5 25. Nxe5 Bb7 26. Ng4 g5 27. Rae1 Kg7 28. Re5 h5 29. Nxf6 Qxf6 30. h4 g4 31. Kg1 Rd8 32. Rfe1 Rd7 33. Qf4 Qxh4 34. f6+ Kg6 35. Qf5+ Kh6 36. Qxd7 Bxg2 37. Qf5 Bf3 38. Qf4+ Kg6 39. Qh2 Qxh2+ 40. Kxh2 Kxf6 41. Kg3 Kg6 42. Rf1 1-0


[Site "Internet"]

[Event "Chessable Masters - Torneo preliminare"]
[White "Kevlishvili, Robby"]
[Black "Praggnanandhaa, R"]
[WhiteFideId "1040634"]
[BlackFideId "25059530"]
[WhiteElo "2577"]
[BlackElo "2587"]
[Result "1/2-1/2"]
[Round "3"]
[TimeControl "600+2"]
[Date "2023.03.13"]
[WhiteClock "0:02:05"]
[BlackClock "0:00:28"]

1. e4 e5 2. Nf3 Nc6 3. Bb5 g6 4. c3 a6 5. Bc4 Bg7 6. d4 d6 7. Bg5 Nf6 8. Nbd2 O-O 9. O-O Qe8 10. Re1 h6 11. Be3 Ng4 12. Nf1 Kh8 13. Bc1 Nf6 14. h3 b5 15. Bd3 Nh5 16. a4 bxa4 17. dxe5 Nxe5 18. Nxe5 Qxe5 19. Nh2 Kh7 20. Nf3 Qf6 21. e5 dxe5 22. Nxe5 Re8 23. Qxh5 Rxe5 24. Rxe5 Qxe5 25. Qf3 Rb8 26. Qxf7 Bf5 27. Bxf5 gxf5 28. Be3 c5 29. Rxa4 Rxb2 30. g3 Rb6 31. Rf4 Rf6 32. Qc4 a5 33. Qxc5 Qxc5 34. Bxc5 Ra6 35. Rxf5 Bxc3 36. Ba3 Rb6 37. Kg2 Bb4 38. Bc1 Ra6 39. Rf7+ Kg6 40. Rb7 Bf8 41. Rb8 Kf7 42. Rb7+ Kg6 43. Rb8 Kf7 44. Rb7+ Kg6 1/2-1/2


[Site "Internet"]

[Event "Chessable Masters - Torneo preliminare"]
[White "Aditya, Mittal"]
[Black "Fedoseev, Vladimir"]
[WhiteFideId "35042025"]
[BlackFideId "24130737"]
[WhiteElo "2386"]
[BlackElo "2752"]
[Result "0-1"]
[Round "3"]
[TimeControl "600+2"]
[Date "2023.03.13"]
[WhiteClock "0:00:04"]
[BlackClock "0:00:12"]

1. d4 Nf6 2. c4 e6 3. Nf3 d5 4. Nc3 c6 5. Bg5 h6 6. Bh4 Be7 7. e3 Nbd7 8. Qc2 O-O 9. Rd1 a6 10. a3 b6 11. cxd5 cxd5 12. Bd3 Bb7 13. O-O Rc8 14. Qe2 Bxa3 15. Nxd5 exd5 16. bxa3 g5 17. Bg3 Ne4 18. Rc1 b5 19. h4 Qe7 20. hxg5 hxg5 21. Bc7 Ndf6 22. Be5 Ng4 23. Rxc8 Bxc8 24. Bh2 f6 25. Bxe4 dxe4 26. Nd2 f5 27. Ra1 Be6 28. f3 exf3 29. gxf3 Nxh2 30. Qxh2 Bd5 31. Kf2 f4 32. e4 Qg7 33. Rh1 Qxd4+ 34. Ke1 Qe3+ 35. Kf1 Bc4+ 36. Nxc4 Qxf3+ 37. Kg1 Qd1+ 38. Kf2 Qd4+ 39. Kf3 Qd3+ 40. Kg4 Qd7+ 41. Kf3 g4+ 42. Ke2 Qg7 43. Ne5 f3+ 44. Kf2 Rc8 45. Nxg4 Rc2+ 46. Kxf3 Rxh2 47. Rxh2 Qc3+ 48. Kf4 Qxa3 49. Kf5 Qf3+ 50. Kg5 b4 51. e5 b3 52. e6 Kg7 53. Rd2 Qc6 54. Rd7+ Kf8 55. Kf6 Qf3+ 56. Kg5 b2 57. Nf6 Qg3+ 58. Kh5 Qh3+ 59. Kg5 Qxe6 60. Nh7+ Ke8 61. Rb7 Qe5+ 62. Kg6 Qe4+ 0-1


[Site "Internet"]

[Event "Chessable Masters - Torneo preliminare"]
[White "Kosteniuk, Alexandra"]
[Black "Abdusattorov, Nodirbek"]
[WhiteFideId "4128125"]
[BlackFideId "14204118"]
[WhiteElo "2524"]
[BlackElo "2714"]
[Result "0-1"]
[Round "3"]
[TimeControl "600+2"]
[Date "2023.03.13"]
[WhiteClock "0:00:28"]
[BlackClock "0:04:13"]

1. e4 c5 2. Nf3 d6 3. d4 cxd4 4. Nxd4 Nf6 5. Nc3 g6 6. Be3 Bg7 7. f3 O-O 8. Qd2 Nc6 9. O-O-O h5 10. Bc4 Bd7 11. Kb1 Rc8 12. Bb3 Na5 13. h4 Nc4 14. Bxc4 Rxc4 15. Nde2 b5 16. g4 b4 17. Nd5 Nxd5 18. exd5 hxg4 19. Nd4 Qa5 20. h5 Qxd5 21. hxg6 fxg6 22. Qh2 Qe5 23. Qe2 Rxd4 24. Rxd4 Rxf3 25. Rxb4 Rxe3 26. Rb8+ Kf7 27. Qc4+ d5 28. Rf1+ Bf5 29. Qb4 a5 0-1


[Site "Internet"]

[Event "Chessable Masters - Torneo preliminare"]
[White "Mikaelyan, Arman"]
[Black "Le, Quang Liem"]
[WhiteFideId "13304852"]
[BlackFideId "12401137"]
[WhiteElo "2456"]
[BlackElo "2661"]
[Result "0-1"]
[Round "3"]
[TimeControl "600+2"]
[Date "2023.03.13"]
[WhiteClock "0:00:04"]
[BlackClock "0:02:19"]

1. d4 Nf6 2. c4 e6 3. Nf3 d5 4. Nc3 dxc4 5. e4 Bb4 6. Bxc4 Nxe4 7. O-O Nxc3 8. bxc3 Be7 9. Ne5 O-O 10. Re1 Nd7 11. Bf4 c5 12. Nxd7 Bxd7 13. d5 Bf6 14. Rc1 exd5 15. Bxd5 Bc6 16. Bxc6 bxc6 17. Bd6 Re8 18. Bxc5 Qa5 19. Rxe8+ Rxe8 20. Qd7 Rd8 21. Qxa7 Qxc3 22. Rf1 h5 23. h3 Rd5 24. Be3 Be5 25. Qa8+ Kh7 26. Qe8 Kg6 27. a4 Qc4 28. Qa8 Kh7 29. a5 Bh2+ 30. Kxh2 Qxf1 31. a6 Rd6 32. a7 Rg6 33. g3 h4 34. g4 Rf6 35. Qe8 Rxf2+ 36. Bxf2 Qxf2+ 37. Kh1 Qxa7 38. Qxc6 Qe3 39. Qg2 Kh6 40. Kh2 Qf4+ 41. Kh1 g6 42. Kg1 Qe3+ 43. Kh2 f6 44. Kh1 Kg5 45. Qd5+ Kf4 46. Qd6+ Kf3 47. Qxf6+ Kg3 48. Qd6+ Kxh3 49. Qh2+ Kxg4 50. Qg2+ Kf5 51. Qd5+ Qe5 52. Qf7+ Kg5 53. Qg8 h3 54. Qd8+ Qf6 55. Qd2+ Qf4 56. Qd5+ Kh6 57. Qa8 Qf1+ 58. Kh2 Qf5 59. Qh8+ Kg5 60. Qd8+ Qf6 61. Qa5+ Kg4 0-1


[Site "Internet"]

[Event "Chessable Masters - Torneo preliminare"]
[White "Michalik, Peter"]
[Black "Ponkratov, Pavel"]
[WhiteFideId "14907526"]
[BlackFideId "4157800"]
[WhiteElo "2526"]
[BlackElo "2586"]
[Result "1-0"]
[Round "3"]
[TimeControl "600+2"]
[Date "2023.03.13"]
[WhiteClock "0:00:11"]
[BlackClock "0:00:15"]

1. e4 e6 2. d4 d5 3. Nc3 Bb4 4. exd5 exd5 5. Bd3 c6 6. Nf3 Bg4 7. O-O Ne7 8. Bf4 Bd6 9. Bg3 Bxg3 10. hxg3 Nd7 11. Re1 h5 12. Qd2 Bxf3 13. gxf3 h4 14. Qg5 Kf8 15. Re3 hxg3 16. fxg3 Ng8 17. Qf4 Qb8 18. Ne2 Ngf6 19. Re1 Qxf4 20. Nxf4 Rd8 21. Bf5 Nb6 22. b3 Ne8 23. Kg2 Nd6 24. Bh3 g6 25. Nd3 Nb5 26. Re7 Rb8 27. c3 Nxc3 28. a4 Ne4 29. Rc7 Na8 30. Rd7 Nf6 31. Rde7 Ne4 32. Rd7 Nf6 33. Rde7 Ne4 34. Re5 Nf6 35. Nc5 Nc7 36. Re7 Re8 37. Rxe8+ Nfxe8 38. Nxb7 Na6 39. Bd7 Nf6 40. Bxc6 Nb4 41. Bb5 Nc2 42. Rc1 Nxd4 43. Rc7 Rh7 44. Nd8 a5 45. Ra7 Nxb3 46. Nc6 d4 47. Ne5 Nd5 48. Nxg6+ Kg7 49. Ne5 Ne3+ 50. Kg1 Kf6 51. Nd7+ Kg5 52. f4+ Kh6 53. Nf6 Rg7 54. Kf2 Nd2 55. Ra6 Rg6 56. Bd3 Rxf6 57. Rxf6+ Kg7 58. Ra6 Nb3 59. Ra7 Nc5 60. Bb5 Ne4+ 61. Kf3 Nd2+ 62. Ke2 Ne4 63. Rxa5 Nxg3+ 64. Kf3 Ngf5 65. Bd3 Ne7 66. Ra7 Nc6 67. Rc7 Nb4 68. Bc4 Kg6 69. a5 Nf5 70. a6 d3 71. Bxd3 1-0


[Site "Internet"]

[Event "Chessable Masters - Torneo preliminare"]
[White "Chirila, Ioan-Cristian"]
[Black "Erigaisi, Arjun"]
[WhiteFideId "1211668"]
[BlackFideId "35009192"]
[WhiteElo "2508"]
[BlackElo "2685"]
[Result "0-1"]
[Round "3"]
[TimeControl "600+2"]
[Date "2023.03.13"]
[WhiteClock "0:00:10"]
[BlackClock "0:02:40"]

1. d4 Nf6 2. c4 e6 3. Nf3 d5 4. Nc3 c6 5. Qd3 dxc4 6. Qxc4 b5 7. Qd3 a6 8. Bg5 Bb7 9. e4 h6 10. Bh4 c5 11. dxc5 Qxd3 12. Bxd3 Bxc5 13. a3 Nbd7 14. Ke2 Nh5 15. Rhd1 g5 16. Bg3 g4 17. Nd2 Nxg3+ 18. hxg3 Ne5 19. b4 Bd4 20. Rac1 Nxd3 21. Kxd3 Bxf2 22. Nb3 Bxg3 23. Ke3 Bc7 24. Nd5 Bxd5 25. exd5 Bd8 26. Rc6 exd5 27. Rxd5 Bg5+ 28. Ke4 O-O 29. Kf5 Rfe8 30. Kxg4 Re4+ 31. Kf5 Rae8 32. g3 Re3 33. Nd4 Rxa3 34. Kg4 Rd3 35. Rcd6 Re4+ 36. Kh3 Kh7 37. Nc6 Rc3 38. Rf5 Rf4 39. Nd4 Rd3 40. Rfd5 Rh4+ 41. Kg2 Rg4 42. Nf5 Rxd5 43. Rxd5 Rxb4 44. Rd7 a5 45. Nd6 Rd4 46. Rxf7+ Kg6 47. Rd7 a4 0-1


[Site "Internet"]

[Event "Chessable Masters - Torneo preliminare"]
[White "Tabatabaei, M. Amin"]
[Black "Bindrich, Falko"]
[WhiteFideId "12521213"]
[BlackFideId "4676670"]
[WhiteElo "2558"]
[BlackElo "2548"]
[Result "1-0"]
[Round "3"]
[TimeControl "600+2"]
[Date "2023.03.13"]
[WhiteClock "0:01:00"]
[BlackClock "0:02:22"]

1. d4 d5 2. c4 e6 3. Nf3 Nf6 4. g3 Bb4+ 5. Bd2 Be7 6. Bg2 O-O 7. Qc2 Nbd7 8. h4 c6 9. Nc3 b5 10. cxb5 cxb5 11. Nxb5 Ba6 12. Nc3 Rc8 13. Qd1 Qb6 14. Rb1 Ne4 15. O-O f5 16. Bg5 Bb4 17. Qa4 Rc6 18. Rfc1 Rfc8 19. Bf1 Bc4 20. Nxe4 fxe4 21. Nd2 Bb5 22. Rxc6 Bxc6 23. Qb3 Qa5 24. Qe3 Qxa2 25. Rc1 Qxb2 26. Nb3 Bb7 27. Rxc8+ Bxc8 28. Bh3 Nf8 29. Nc5 e5 30. Bxc8 exd4 31. Qb3 Qxb3 32. Nxb3 Bc3 33. Bb7 1-0


[Site "Internet"]

[Event "Chessable Masters - Torneo preliminare"]
[White "Vallejo Pons, Francisco"]
[Black "Gukesh, D"]
[WhiteFideId "2205530"]
[BlackFideId "46616543"]
[WhiteElo "2662"]
[BlackElo "2629"]
[Result "0-1"]
[Round "3"]
[TimeControl "600+2"]
[Date "2023.03.13"]
[WhiteClock "0:00:04"]
[BlackClock "0:02:22"]

1. e4 c5 2. b3 Nc6 3. Bb2 e5 4. Bc4 Nf6 5. Nc3 g6 6. Nge2 Bg7 7. O-O d6 8. d3 O-O 9. a4 Kh8 10. Nd5 Nxd5 11. Bxd5 Ne7 12. Bc4 g5 13. Ng3 f5 14. Nh5 Bh6 15. b4 cxb4 16. d4 Qc7 17. dxe5 dxe5 18. Bb3 f4 19. f3 Nc6 20. c3 bxc3 21. Bxc3 Rd8 22. Qc2 Qe7 23. Rad1 Bd7 24. Bd5 Be8 25. g4 Bxh5 26. gxh5 Bg7 27. Bxc6 Qc5+ 28. Kg2 Qxc6 29. Qb2 Re8 30. Rd5 Rac8 31. Rc1 g4 32. fxg4 f3+ 33. Kxf3 Qf6+ 34. Kg2 Qf4 35. Re1 Qxg4+ 0-1


[Site "Internet"]

[Event "Chessable Masters - Torneo preliminare"]
[White "Anton Guijarro, David"]
[Black "Sevian, Samuel"]
[WhiteFideId "2285525"]
[BlackFideId "2040506"]
[WhiteElo "2635"]
[BlackElo "2582"]
[Result "1/2-1/2"]
[Round "3"]
[TimeControl "600+2"]
[Date "2023.03.13"]
[WhiteClock "0:00:12"]
[BlackClock "0:00:21"]

1. e4 e5 2. Nf3 Nc6 3. Bc4 Bc5 4. O-O Nf6 5. d3 d6 6. a4 h6 7. Be3 Bb6 8. Nbd2 O-O 9. h3 Be6 10. Bxe6 fxe6 11. c3 Bxe3 12. fxe3 a5 13. Qb3 Qd7 14. d4 b6 15. Rad1 Rae8 16. Qb5 exd4 17. exd4 e5 18. d5 Ne7 19. Qxd7 Nxd7 20. b4 Ra8 21. Ra1 Ra7 22. Nc4 Rfa8 23. bxa5 bxa5 24. Rfb1 Nc5 25. Nfd2 Rb7 26. Rxb7 Nxb7 27. Nb3 Nc8 28. Rb1 Kh7 29. Kf2 Ra6 30. Ke3 Nb6 31. Nb2 Nd7 32. Nc4 Ndc5 33. Nxc5 Nxc5 34. Rb5 Nxa4 35. Rxa5 Rxa5 36. Nxa5 Nxc3 37. Nc6 Kg6 38. g3 Kf6 39. Kd3 Na4 40. Ke3 Nc5 41. Nb4 Ke7 42. Nc6+ Kf6 43. Nb4 g6 44. Nc6 Kf7 45. Nd8+ Ke8 46. Nc6 Nb7 47. Nb4 Kd7 48. Kd3 Nd8 49. h4 h5 50. Nc2 Nb7 51. Ke2 Nc5 52. Kf3 Nb3 53. Ke3 Kc8 54. Nb4 Na5 55. Kf3 Nc4 56. Ke2 Kd7 57. Nc6 Na3 58. Nb8+ Ke8 59. Nc6 Nb5 60. Ke3 Nc3 61. Kd3 Na4 62. Ke3 Nc5 63. Kf3 Nb7 64. g4 Nd8 65. Nb4 Kd7 66. gxh5 gxh5 67. Nc2 Nf7 68. Ne3 Nh8 69. Nf5 Ng6 70. Kg3 c6 71. dxc6+ Kxc6 72. Kf3 Kc5 73. Ke3 Nf4 74. Kf3 Kc6 75. Ke3 Kd7 76. Ng3 Ke6 77. Kf3 Kf6 78. Nf1 Ng6 79. Kg3 Ke6 80. Ne3 Ne7 81. Kf3 d5 82. exd5+ Nxd5 83. Nf1 Nf6 84. Ng3 Kd5 85. Ke3 Ke6 86. Kf3 Kf7 87. Ke3 Kg6 88. Kf3 Kg7 89. Nf5+ Kf7 90. Ng3 Ke6 91. Ke3 Kd5 92. Nf5 Kc4 93. Ng3 Kc5 94. Kd3 Kd5 95. Ke3 e4 96. Kf4 Kd4 97. Kf5 Nd5 98. Nxe4 Ne3+ 99. Kg5 Kxe4 100. Kxh5 Kf5 101. Kh6 Kf6 102. Kh5 Nf5 103. Kg4 Nxh4 1/2-1/2


[Site "Internet"]

[Event "Chessable Masters - Torneo preliminare"]
[White "Terry, Renato"]
[Black "Andreikin, Dmitry"]
[WhiteFideId "3803457"]
[BlackFideId "4158814"]
[WhiteElo "2472"]
[BlackElo "2628"]
[Result "1/2-1/2"]
[Round "3"]
[TimeControl "600+2"]
[Date "2023.03.13"]
[WhiteClock "0:00:11"]
[BlackClock "0:00:22"]

1. Nf3 d5 2. e3 Nf6 3. b3 Bf5 4. Bb2 e6 5. Bd3 Bxd3 6. cxd3 c5 7. d4 Nc6 8. O-O Rc8 9. Qe2 a6 10. dxc5 Bxc5 11. Rc1 Bd6 12. d3 O-O 13. Nbd2 e5 14. Nh4 Re8 15. Nf5 Bf8 16. Nf3 Qd7 17. Ng3 Bd6 18. Qd2 Qe6 19. Rc2 Nb4 20. Rxc8 Rxc8 21. Bc3 Nc6 22. Rc1 h6 23. Bb2 Nd7 24. e4 Bf8 25. Qe3 d4 26. Qd2 a5 27. Ne1 a4 28. bxa4 Qxa2 29. Ra1 Qb3 30. Ne2 Bb4 31. Qc2 Nc5 32. Qxb3 Nxb3 33. Rb1 Bxe1 34. Ba3 Bxf2+ 35. Kxf2 Nca5 36. Bb4 f6 37. Bxa5 Nxa5 38. Rb5 Ra8 39. g4 Ra7 40. Ng3 g6 41. h4 Nc6 42. h5 gxh5 43. Nxh5 Kf7 44. Rb6 Ke7 45. a5 Nxa5 46. Rxf6 Ra6 47. Rf5 Nc6 48. Nf6 Ra2+ 49. Ke1 Nb4 50. Nd5+ Nxd5 51. Rxe5+ Kf6 52. Rxd5 Ra4 53. Ke2 Ke6 54. Kf3 Rb4 55. Kf4 b5 56. Rh5 Rb3 57. Rxh6+ Ke7 58. Rb6 Rxd3 59. Rxb5 Rd1 60. Re5+ Kf7 61. Rd5 Ke6 62. g5 Rf1+ 63. Kg3 Rg1+ 64. Kf3 d3 65. Ke3 Rg3+ 66. Kd2 Ke7 67. Ra5 Ke6 68. g6 Kf6 69. Rd5 Ke6 70. Kc3 Rxg6 71. Kxd3 Rg1 72. Ke3 Re1+ 73. Kf3 Rf1+ 74. Ke3 Re1+ 75. Kf3 Rf1+ 76. Ke3 Re1+ 1/2-1/2


[Site "Internet"]

[Event "Chessable Masters - Torneo preliminare"]
[White "Vachier-Lagrave, Maxime"]
[Black "Drygalov, Sergey"]
[WhiteFideId "623539"]
[BlackFideId "24171743"]
[WhiteElo "2762"]
[BlackElo "2461"]
[Result "1-0"]
[Round "3"]
[TimeControl "600+2"]
[Date "2023.03.13"]
[WhiteClock "0:03:33"]
[BlackClock "0:00:20"]

1. e4 c6 2. d4 d5 3. e5 Bf5 4. Nf3 e6 5. Be2 Nd7 6. O-O h6 7. Nbd2 Ne7 8. c3 Qc7 9. Nb3 g5 10. Ne1 Bg7 11. Nd3 b6 12. Be3 c5 13. Nd2 O-O 14. f4 f6 15. exf6 Bxf6 16. fxg5 hxg5 17. Nf3 g4 18. Bf4 Qd8 19. Nfe5 cxd4 20. cxd4 Nxe5 21. Nxe5 Be4 22. Bxg4 Nf5 23. Bxf5 exf5 24. a4 Rc8 25. Ra3 Bh4 26. Qh5 Rc2 27. Qg6+ Kh8 28. Nf7+ Rxf7 29. Be5+ Rf6 30. Rg3 Bxg3 31. Bxf6+ Qxf6 32. Qxf6+ Kh7 33. Rxf5 Rxg2+ 34. Kf1 Rxh2 35. Qe7+ Kh6 36. Qg5+ 1-0


[Site "Internet"]